 Dungeon Crawl Stone Soup version 0.31-a0-366-ga77b45bd9b (webtiles) character file.

Game seed: 12057888760586062981

258 Locuples the Chiller (level 5, -7/38 HPs)
             Began as a Draconian Ice Elementalist on July 28, 2023.
             Killed from afar by an acid dragon (22 damage)
             ... with a splash of acid
             ... on level 4 of the Dungeon.
             The game lasted 00:06:25 (2880 turns).

Locuples the Chiller (Draconian Ice Elementalist)   Turns: 2880, Time: 00:06:26

Health: -7/38      AC:  6    Str: 11    XL:     5   Next: 94%
Magic:  5/11       EV: 12    Int: 17    God:
Gold:   187        SH:  0    Dex: 11    Spells: 11/12 levels left

rFire   . . .        (no weapon)
rCold   . . .        (no shield)
rNeg    . . .        (body armour unavailable)
rPois   .            (helmet restricted)
rElec   .            l - +0 cloak
rCorr   .            (no gloves)
SInv    .            (no boots)
Will    .....        (no amulet)
Stlth   ++           (no ring)
HPRegen 0.26/turn    (no ring)
MPRegen 0.12/turn

%: no passive effects
@: no status effects
A: AC +5, unfitting armour, cold-blooded
a: no special abilities


You were on level 4 of the Dungeon.
You visited 1 branch of the dungeon, and saw 4 of its levels.

You collected 187 gold pieces.

Inventory:

Armour
 l - a +0 cloak (worn)
Scrolls
 c - a scroll of vulnerability {unknown}
 e - a scroll of revelation {unknown}
 g - a scroll of identify {unknown}
 h - a scroll of brand weapon {unknown}
 i - a scroll of enchant armour {unknown}
 j - a scroll of fog {unknown}
Potions
 a - 2 potions of magic
 b - a potion of heal wounds {unknown}
 d - a potion of lignification {unknown}
 f - a potion of curing {unknown}
 k - a potion of enlightenment {unknown}


   Skills:
 - Level 1.7 Dodging
 - Level 1.7 Stealth
 + Level 4.2 Spellcasting
 + Level 5.8 Ice Magic


You had 11 spell levels left.
You knew the following spells:

 Your Spells              Type           Power      Damage    Failure   Level
a - Freeze                Ice            92%        1d9       1%          1

Your spell library contained the following spells:

 Spells                   Type           Power      Damage    Failure   Level
 Frozen Ramparts          Ice            46%        1d7       4%          3
 Ozocubu's Armour         Ice            23%        N/A       4%          3
 Wereblood                Tmut           3%         N/A       24%         2
 Summon Ice Beast         Ice/Summ       13%        N/A       41%         4
 Irradiate                Conj/Tmut      1%         3d12      99%         5


Dungeon Overview and Level Annotations

Branches:
Dungeon (4/15)
 Temple: D:4-7

Altars:
Fedhas

Shops:
D:3 (


Innate Abilities, Weirdness & Mutations

Your plain brown scales are hard. (AC +5)
You cannot fit into any form of body armour.
You are cold-blooded and may be slowed by cold attacks.


Message History

Aiming: Freeze (safe; 1% risk of failure)
Press: ? - help, Q - select action Shift-Dir - straight line, f - acid dragon
Aim: an acid dragon You freeze the acid dragon.
The acid dragon is lightly wounded.
The acid dragon bites you! The acid dragon closely misses you.
Aiming: Freeze (safe; 1% risk of failure)
Press: ? - help, Q - select action Shift-Dir - straight line, f/p - acid dragon
Aim: an acid dragon (lightly wounded)
You freeze the acid dragon.
The acid dragon is moderately wounded.
The acid dragon barely misses you. The acid dragon claws you.
Aiming: Freeze (safe; 1% risk of failure)
Press: ? - help, Q - select action Shift-Dir - straight line, f/p - acid dragon
Aim: an acid dragon (moderately wounded)
You freeze the acid dragon.
The acid dragon is moderately wounded.
The acid dragon bites you but does no damage.
The acid dragon claws you.
Aiming: Freeze (safe; 1% risk of failure)
Press: ? - help, Q - select action Shift-Dir - straight line, f/p - acid dragon
Aim: an acid dragon (moderately wounded)
You freeze the acid dragon.
The acid dragon is heavily wounded.
The acid dragon bites you. The acid dragon barely misses you.
Aiming: Freeze (safe; 1% risk of failure)
Press: ? - help, Q - select action Shift-Dir - straight line, f/p - acid dragon
Aim: an acid dragon (heavily wounded)
You freeze the acid dragon.
The acid dragon is severely wounded.
The acid dragon bites you! The acid dragon closely misses you.
Aiming: Freeze (safe; 1% risk of failure)
Press: ? - help, Q - select action Shift-Dir - straight line, f/p - acid dragon
Aim: an acid dragon (severely wounded)
You freeze the acid dragon.
The acid dragon is almost dead.
The acid dragon spits acid at you. The splash of acid hits you!!
Ouch! That really hurt!
You die...

... .... ### ...... #
###.###.#....
.#.###.......#... .
...........$.#.##..
#..................
#.....D@...........
#.....###.......#
##.#...###......#.. .
#............... ..
#.......###..... .....
..##.........# .... ....#
#.........#.# .#. ....#
..#.........#..##...
....#...............#.....
.


You could see an acid dragon (catching breath).

Vanquished Creatures
  An ogre (D:4)
  A scorpion (D:4)
  A sleepcap (D:3)
  3 adders (D:2)
  A worm (D:4)
  3 dart slugs
  4 ball pythons
  9 endoplasms
  A giant cockroach (D:2)
  4 goblins
  9 hobgoblins
  2 jackals (D:2)
  2 kobolds
  2 bats
  3 frilled lizards
  2 rats
48 creatures vanquished.

Notes
Turn   | Place    | Note
-------+----------+-------------------------------------------
     0 | D:1      | Locuples the Draconian Ice Elementalist began the quest for
                  | the Orb.
     0 | D:1      | Reached XP level 1. HP: 14/14 MP: 3/3
    32 | D:1      | Found a faded altar of an unknown god.
   402 | D:1      | Reached XP level 2. HP: 20/20 MP: 3/5
  1129 | D:2      | Found a blossoming altar of Fedhas.
  1332 | D:2      | Reached XP level 3. HP: 26/26 MP: 0/6
  2030 | D:3      | Found Toackeev's Antique Weapon Shoppe.
  2133 | D:3      | Reached XP level 4. HP: 33/33 MP: 6/8
  2145 | D:3      | Reached skill level 5 in Ice Magic
  2535 | D:4      | Noticed a scorpion
  2539 | D:4      | Killed a scorpion
  2574 | D:3      | Reached XP level 5. HP: 14/38 MP: 0/10
  2740 | D:4      | Noticed an ogre
  2750 | D:4      | Killed an ogre
  2871 | D:4      | Noticed an acid dragon
  2880 | D:4      | Killed from afar by an acid dragon

Illustrated notes

Levels and vault maps discovered:
D:1:      minmay_arrival_four_houses, layout_basic,
          ebering_ecumenical_altar_hall
D:2:      layout_basic, basic_altar, kennysheep_generic_room_10
D:3:      layout_basic, serial_shops, shop
D:4:      layout_cave_pools, riverfiend_overflow_shadow_ancestor,
          grunt_decor_junction

Skill      XL: |  1  2  3  4  5 |
---------------+----------------+-----
Spellcasting   | 3 4 |  4.2
Ice Magic      | 5 |  5.8
Dodging        | |  1.7
Stealth        | |  1.7

Action                     |  1- 3 |  4- 6 || total
---------------------------+-------+-------++-------
  Melee: Unarmed           |    10 |     1 ||    11
         Tailslap          |     1 |       ||     1
   Cast: Freeze            |    61 |    43 ||   104
 Armour: Skin              |    13 |    12 ||    25
  Dodge: Dodged            |    36 |    36 ||    72

Table legend: (Time is in decaauts)
 A = Elapsed time spent in this place.
 B = Non-inter-level travel time spent in this place.
 C = Inter-level travel time spent in this place.
 D = Time resting spent in this place.
 E = Time spent auto-exploring this place.
 F = Levels seen in this place.
 G = Mean time per level.
                   A        B        C        D        E       F      G
               +--------+--------+--------+--------+--------+-----+--------+
         Total |   2880 |   2747 |    133 |    349 |   1907 |   4 |  720.0 |
       Dungeon |   2880 |   2747 |    133 |    349 |   1907 |   4 |  720.0 |
               +--------+--------+--------+--------+--------+-----+--------+

Top non-repeatable levels by time:
     D:1: 1081 daAuts
     D:2: 828 daAuts
     D:3: 699 daAuts
     D:4: 271 daAuts
